 Dungeon Crawl Stone Soup version 0.29-a0-25-g7f48f510a0 (webtiles) character file.

Game seed: 8960676886575162440

109 oldriver the Skirmisher (level 4, -5/42 HPs)
             Began as a Hill Orc Gladiator on Feb 1, 2022.
             Was an Initiate of Beogh.
             Splashed by a jelly's acid (8 damage)
             ... on level 3 of the Dungeon.
             The game lasted 00:02:36 (2738 turns).

oldriver the Skirmisher (Hill Orc Gladiator)        Turns: 2738, Time: 00:02:38

Health: -5/42      AC: -3    Str: 18    XL:     4   Next: 89%
Magic:  4/4        EV: 12    Int:  8    God:    Beogh [......]
Gold:   122        SH:  0    Dex: 12    Spells: 3/3 levels left

rFire   . . .      SeeInvis .   a - +0 war axe
rCold   . . .      Faith    .   (no shield)
rNeg    . . .      Spirit   .   b - +0 leather armour
rPois   .          Reflect  .   c - +0 helmet
rElec   .          Harm     .   (no cloak)
rCorr   .          Rampage  .   (no gloves)
Will    .....                   (no boots)
Stlth   +.........              (no amulet)
HPRegen 0.14/turn               (no ring)
MPRegen 0.09/turn               (no ring)

@: corroded
A: no striking features
a: Renounce Religion


You were on level 3 of the Dungeon.
You worshipped Beogh.
Beogh was noncommittal.
You visited 1 branch of the dungeon, and saw 3 of its levels.

You collected 122 gold pieces.

Inventory:

Hand Weapons
 a - a +0 war axe (weapon)
 k - a +0 hunting sling
Missiles
 d - 5 throwing nets (quivered)
 i - 2 poisoned darts
 j - 2 atropa-tipped darts
 l - 2 boomerangs
Armour
 b - a +0 leather armour (worn)
 c - a +0 helmet (worn)
Wands
 p - a wand of flame (11)
Scrolls
 h - a scroll of identify {unknown}
 m - a scroll of enchant weapon {unknown}
 n - a scroll of amnesia {unknown}
Potions
 e - 3 potions of curing {unknown}
 f - a potion of heal wounds {unknown}
 g - 2 potions of degeneration {unknown}
 o - a potion of attraction {unknown}
 q - a potion of flight {unknown}


   Skills:
 + Level 5.2 Fighting
 + Level 4.3 Axes
 + Level 2.1 Throwing
 + Level 1.1 Armour
 - Level 2.4 Dodging


You had 3 spell levels left.
You didn't know any spells.
Your spell library was empty.

Dungeon Overview and Level Annotations

Branches:
Dungeon (3/15)

Altars:
Fedhas


Message History

You start resting.
A quokka is nearby!
A quokka is nearby!
A quokka is nearby!
A quokka is nearby!
A quokka is nearby!
The quokka bites you.
The quokka bites you but does no damage.
You slash the quokka!
You kill the quokka!
Beogh accepts your kill.
No target in view!
No target in view!
A jelly comes into view.
A jelly is nearby!
A jelly is nearby!
A jelly is nearby!
A jelly is nearby!
The jelly quivers.
You see here a +0 whip.
There is a stone staircase leading up here.
There is a stone staircase leading up here.
You hit the jelly. The acid corrodes you!
Your hands burn!
The jelly is lightly wounded.
The jelly hits you.
You are splashed with acid!
You hit the jelly.
Your hands burn!
The jelly is moderately wounded.
The jelly hits you. The acid corrodes you!
You are splashed with acid!
You are too injured to fight recklessly!
You hit the jelly but do no damage.
Your hands burn!
The jelly is moderately wounded.
The jelly closely misses you. The jelly hits you.
You are splashed with acid!
* * * LOW HITPOINT WARNING * * *
You hit the jelly but do no damage.
Your hands burn!
* * * LOW HITPOINT WARNING * * *
The jelly is moderately wounded.
The jelly hits you.
* * * LOW HITPOINT WARNING * * *
You are splashed with acid!
You die...

#######..# #.. ... ##.#
#.# .... #.# #.# ....###
#.# ##########.# .......
#.###.....#..... .......
#.##............ .......
#.#.............
#......###.#.............
#...@J...............
#######.#.............
###.....#.#.............
#.....J..†..............
..#.>..)#.###>....#.....
#.......# ####..##.#>
###.###..... ##.##.#. ...
......####...... .###
................


You could see a jelly.

Vanquished Creatures
  An orc wizard (D:2)
  3 gnolls
  An adder (D:3)
  A worm (D:2)
  7 ball pythons
  6 endoplasms
  A giant cockroach (D:2)
  7 goblins
  2 quokkas
  7 bats
  3 kobolds
  8 rats
47 creatures vanquished.

Notes
Turn   | Place    | Note
-------+----------+-------------------------------------------
     0 | D:1      | oldriver the Hill Orc Gladiator began the quest for the
                  | Orb.
     0 | D:1      | Reached XP level 1. HP: 18/18 MP: 1/1
   111 | D:1      | Reached skill level 3 in Fighting
   322 | D:1      | Reached XP level 2. HP: 26/26 MP: 2/2
   458 | D:1      | Found a faded altar of an unknown god.
  1105 | D:2      | Reached skill level 4 in Fighting
  1277 | D:2      | Reached XP level 3. HP: 33/33 MP: 3/3
  2086 | D:2      | Reached skill level 5 in Fighting
  2086 | D:2      | Reached XP level 4. HP: 5/42 MP: 4/4
  2497 | D:3      | Became a worshipper of Beogh the Brigand
  2533 | D:3      | Found a blossoming altar of Fedhas.
  2656 | D:3      | Reached skill level 1 in Armour
  2738 | D:3      | Splashed by a jelly's acid

Illustrated notes

Levels and vault maps discovered:
D:1:      dpeg_arrival_renting, layout_loops_ring,
          nicolae_ecumenical_snake_handling
D:2:      layout_basic
D:3:      layout_rooms, overflow_temple_1_default

Skill      XL: |  1  2  3  4 |
---------------+-------------+-----
Fighting       | 3 4 5 |  5.2
Throwing       | 2 |  2.1
Armour         | 1 |  1.1
Axes           | |  4.3
Dodging        | |  2.4

Action                   |  1- 3 |  4- 6 || total
-------------------------+-------+-------++-------
Melee: War axe           |   105 |    33 ||   138
       Punch             |       |     1 ||     1
Invok: Convert to Beogh  |       |     1 ||     1
 Stab: Sleeping          |     1 |       ||     1
Armor: Leather armour    |    40 |    23 ||    63
Dodge: Dodged            |    82 |    32 ||   114

Table legend: (Time is in decaauts)
 A = Elapsed time spent in this place.
 B = Non-inter-level travel time spent in this place.
 C = Inter-level travel time spent in this place.
 D = Time resting spent in this place.
 E = Time spent auto-exploring this place.
 F = Levels seen in this place.
 G = Mean time per level.
                   A        B        C        D        E       F      G
               +--------+--------+--------+--------+--------+-----+--------+
         Total |   2780 |   2582 |    198 |    275 |   1873 |   3 |  926.7 |
       Dungeon |   2780 |   2582 |    198 |    275 |   1873 |   3 |  926.7 |
               +--------+--------+--------+--------+--------+-----+--------+

Top non-repeatable levels by time:
     D:2: 1517 daAuts
     D:1: 993 daAuts
     D:3: 269 daAuts
